 Dungeon Crawl Stone Soup version 0.27-a0-40-g5f2be0e231 (webtiles) character file.

Game seed: 15071032770787487486

8712 Conn the Thaumaturge (level 11, -5/63 HPs)
             Began as an Octopode Fire Elementalist on Jan 5, 2021.
             Was an Elder of Sif Muna.
             Slain by a seven-headed hydra (12 damage)
             ... on level 2 of the Lair of Beasts.
             The game lasted 00:38:59 (12772 turns).

Conn the Thaumaturge (Octopode Fire Elementalist)  Turns: 12772, Time: 00:39:00

Health: -5/63      AC:  9    Str:  7    XL:     11   Next: 35%
Magic:  9/23       EV: 21    Int: 21    God:    Sif Muna [****..]
Gold:   488        SH:  5    Dex: 25    Spells: 2/26 levels left

rFire    . . .     SeeInvis .   f - +2 dagger (protect)
rCold    . . .     Faith    .   (no shield)
rNeg     . . .     Spirit   .   (helmet restricted)
rPois    +         Reflect  +   w - amulet of reflection
rElec    .         Harm     .   k - +4 ring of protection
rCorr    +         Rampage  .   K - ring of resist corrosion
Will     .....                  y - +6 ring of dexterity
Stlth    +++++.....             C - +4 ring of evasion
HPRegen  0.20/turn              O - ring of poison resistance
MPRegen  0.18/turn              R - ring of flight
                                E - +6 ring of dexterity
                                P - +4 ring of protection

@: no status effects
A: almost no armour, stealthy swim, amphibious, 8 rings, constrict 8, camouflage
1, gelatinous body 1
a: Renounce Religion, Evoke Flight, Channel Magic, Forget Spell, Divine Exegesis


You were on level 2 of the Lair of Beasts.
You worshipped Sif Muna.
Sif Muna was greatly pleased with you.
You visited 3 branches of the dungeon, and saw 12 of its levels.
You also visited: Bailey.

You collected 768 gold pieces.
You spent 280 gold pieces at shops.

Inventory:

Hand Weapons
 a - a +0 short sword
 c - a +1 dagger of venom
 f - a +2 dagger of protection (weapon)
 x - a +2 spear of freezing
 Q - the +10 dagger of Dyzoz {vorpal, rC+ Str-4 Int+9}
   (You found it on level 8 of the Dungeon)

   It inflicts extra damage upon your enemies.
   It affects your strength (-4).
   It affects your intelligence (+9).
   It protects you from cold.
Missiles
 i - 48 poisoned darts
Armour
 H - a +2 tower shield of protection
Magical Staves
 I - an uncursed staff of death
Jewellery
 k - a +4 ring of protection (left tentacle)
 w - an amulet of reflection (around mantle)
 y - a +6 ring of dexterity (on tentacle)
 A - an uncursed amulet of regeneration {unknown}
 C - a +4 ring of evasion (on tentacle)
 E - a +6 ring of dexterity (on tentacle)
 K - a ring of resist corrosion (right tentacle)
 M - an uncursed amulet of regeneration {unknown}
 O - a ring of poison resistance (on tentacle)
 P - a +4 ring of protection (on tentacle)
 R - a ring of flight (on tentacle)
Wands
 n - a wand of flame (13)
 B - a wand of iceblast (12)
 G - a wand of polymorph (5)
 N - a wand of paralysis (5)
Scrolls
 h - 8 scrolls of identify
 m - 5 scrolls of remove curse
 p - 2 scrolls of magic mapping
 q - 5 scrolls of teleportation
 s - a scroll of immolation
 u - a scroll of enchant armour
 D - a scroll of amnesia
 F - a scroll of enchant weapon
Potions
 b - 2 potions of heal wounds
 d - a potion of resistance {unknown}
 e - a potion of ambrosia {unknown}
 g - 2 potions of lignification
 j - 7 potions of curing
 l - a potion of flight {unknown}
 o - a potion of might
 r - a potion of attraction {unknown}
 t - a potion of experience {unknown}
 v - 2 potions of haste
 z - a potion of magic {unknown}
 J - a potion of berserk rage {unknown}
 L - 2 potions of brilliance


   Skills:
 + Level 1.6 Fighting
 + Level 4.1 Short Blades
 + Level 4.3 Dodging
 + Level 6.5 Stealth
 + Level 1.9 Shields
 * Level 8.3 Spellcasting
 * Level 7.7 Conjurations
 * Level 3.3 Translocations
 * Level 7.9 Fire Magic
 * Level 3.3 Air Magic
 * Level 3.2 Poison Magic
 * Level 4.6 Invocations
 + Level 0.1 Evocations


You had 2 spell levels left.
You knew the following spells:

 Your Spells              Type           Power        Failure   Level
a - Foxfire               Conj/Fire      100%         1%          1
b - Conjure Flame         Conj/Fire      41%          1%          3
c - Inner Flame           Hex/Fire       25%          4%          3
d - Sticky Flame          Conj/Fire      41%          3%          4
e - Fireball              Conj/Fire      20%          9%          5
f - Blink                 Tloc           N/A          3%          2
g - Mephitic Cloud        Conj/Pois/Air  28%          3%          3
h - Summon Guardian Gole  Hex/Summ       8%           22%         3

Your spell library contained the following spells:

 Spells                   Type           Power        Failure   Level
 Magic Dart               Conj           100%         1%          1
 Corona                   Hex            8%           8%          1
 Summon Small Mammal      Summ           32%          8%          1
 Call Imp                 Summ           8%           12%         2
 Ensorcelled Hibernation  Hex/Ice        16%          12%         2
 Slow                     Hex            8%           12%         2
 Dazzling Flash           Conj/Hex       48%          4%          3
 Call Canine Familiar     Summ           8%           22%         3
 Confusing Touch          Hex            8%           22%         3
 Tukima's Dance           Hex            8%           22%         3
 Summon Lightning Spire   Summ/Air       15%          36%         4
 Summon Ice Beast         Ice/Summ       8%           58%         4


Dungeon Overview and Level Annotations

Branches:
Dungeon (9/15)             Temple (1/1) D:4            Lair (2/6) D:9
 Bailey (visited)
  Swamp: Lair:2-4    Shoals: Lair:2-4     Snake: Lair:2-4    Spider: Lair:2-4
    Orc: D:9-12

Altars:
Cheibriados
Dithmenos
Fedhas
Gozag
Hepliaklqana
Kikubaaqudgha
Makhleb
Nemelex Xobeh
Qazlal
Sif Muna
Trog
Wu Jian
Xom
Yredelemnul
Zin
The Shining One

Shops:
D:5 :   D:7 :=!?


Innate Abilities, Weirdness & Mutations

You cannot wear most types of armour.
You are very stealthy in the water. (Stealth+)
You are amphibious.
You can wear up to eight rings at the same time.
You can use your tentacles to constrict eight enemies at once.
Your skin changes colour to match your surroundings (Stealth+).
Your rubbery body absorbs attacks. (AC +1, EV +1)


Message History

The seven-headed hydra burns!
A water moccasin comes into view.
The seven-headed hydra burns!
The seven-headed hydra stops burning.
Casting: Sticky Flame (dangerous; 3% risk of failure)
Confirm with . or Enter, or press ? or * to list all spells.
Aiming: Sticky Flame (dangerous; 3% risk of failure)
Press: ? - help, Shift-Dir - straight line, f/p - seven-headed hydra
Aim: a seven-headed hydra (severely wounded, 0% to evade)
The sticky flame hits the seven-headed hydra!
The seven-headed hydra is almost dead.
The seven-headed hydra is covered in liquid flames!
The wyvern hisses angrily.
The seven-headed hydra burns!
A catoblepas comes into view.
The seven-headed hydra bites you! x2; The seven-headed hydra bites you.
The seven-headed hydra bites you!
* * * LOW HITPOINT WARNING * * *
The seven-headed hydra barely misses you.
The seven-headed hydra bites you!
You die...

.......Y.......
..#............... ..
...............#.⌠.
#....S.........#. ###
###.........##...##..#.
.#...........##...#....#
........................
.....?.@D.....#.........
........................
#...........†...........
#.#..........P#...#.....
...................#....
............l...........
........................
........................
.......................


You could see a catoblepas, a seven-headed hydra (burning), a water moccasin and
a wyvern.

Vanquished Creatures
  Harold (D:8)
  A cane toad (Lair:1)
  Maggie (D:7)
  Grinder (D:5)
  3 wyverns
  8 yaks (Lair:1)
  Grum (D:9)
  4 water moccasins (Lair:1)
  3 sky beasts
  A black bear (D:6)
  An ice beast (D:8)
  8 orc warriors
  5 ogres
  2 phantoms (D:6)
  2 centaurs
  3 wolves (D:9)
  3 big kobolds
  12 bullfrogs
  A gnoll sergeant (D:8)
  8 scorpions
  8 killer bees
  A howler monkey (D:6)
  A quasit (D:9)
  A bullfrog zombie (D:7)
  3 hounds
  3 orc priests
  Crazy Yiuf (D:5)
  A gnoll shaman (D:3)
  11 orc wizards
  A bullfrog skeleton (D:5)
  5 worker ants
  28 gnolls
  7 adders
  2 shadow imps (D:6)
  2 ufetubi (D:6)
  2 oozes
  3 adder skeletons
  An adder zombie (D:6)
  4 worms
  3 dart slugs
  10 leopard geckos
  40 orcs
  11 bats
  9 giant cockroaches
  8 goblins
  4 hobgoblins (D:3)
  9 jackals
  4 quokkas
  4 ball pythons
  7 frilled lizards
  16 kobolds
  A quokka zombie (D:8)
  12 rats
292 creatures vanquished.

Vanquished Creatures (collateral kills)
  4 foxfires (D:4)
4 creatures vanquished.

Vanquished Creatures (others)
  799 foxfires
  3 fungi
  14 plants
816 creatures vanquished.

Grand Total: 1112 creatures vanquished

Notes
Turn   | Place    | Note
-------+----------+-------------------------------------------
     0 | D:1      | Conn the Octopode Fire Elementalist began the quest for the
                  | Orb.
     0 | D:1      | Reached XP level 1. HP: 11/11 MP: 3/3
   212 | D:1      | Reached XP level 2. HP: 12/17 MP: 5/5
   948 | D:1      | Reached XP level 3. HP: 21/21 MP: 6/6
  1915 | D:2      | Found a sparkling altar of Nemelex Xobeh.
  2013 | D:2      | Reached XP level 4. HP: 27/27 MP: 8/8
  2668 | D:3      | Found a faded altar of an unknown god.
  2670 | D:3      | Reached skill level 1 in Short Blades
  2685 | D:3      | Reached skill level 3 in Spellcasting
  2685 | D:3      | Reached XP level 5. HP: 24/32 MP: 4/9
  3379 | D:3      | Reached XP level 6. HP: 31/37 MP: 10/10
  3820 | D:3      | Learned a level 3 spell: Conjure Flame
  3824 | D:3      | Learned a level 3 spell: Inner Flame
  3829 | D:3      | Learned a level 4 spell: Sticky Flame
  3884 | D:4      | Found a staircase to the Ecumenical Temple.
  3910 | Temple   | Entered the Ecumenical Temple
  4003 | Temple   | Became a worshipper of Sif Muna the Loreminder
  4187 | D:4      | Reached skill level 1 in Fighting
  4187 | D:4      | Reached XP level 7. HP: 41/43 MP: 12/12
  4207 | D:4      | Reached skill level 4 in Spellcasting
  4478 | D:4      | Reached * piety under Sif Muna
  5003 | D:4      | Reached XP level 8. HP: 48/48 MP: 6/15
  5369 | D:4      | Learned a level 5 spell: Fireball
  5396 | D:5      | Entered Level 5 of the Dungeon
  5396 | D:5      | Noticed Grinder
  5440 | D:5      | Reached skill level 5 in Fire Magic
  5762 | D:5      | Found Rotig's Book Shoppe.
  5787 | D:5      | Bought a book of Minor Magic for 280 gold pieces
  5943 | D:5      | Found a runed translucent door.
  5944 | D:5      | Noticed Crazy Yiuf
  5952 | D:5      | Killed Crazy Yiuf
  6248 | D:5      | Paralysed by Grinder for 2 turns
  6251 | D:5      | Killed Grinder
  6252 | D:5      | Reached skill level 5 in Spellcasting
  6952 | D:6      | Reached skill level 5 in Stealth
  6952 | D:6      | Reached skill level 5 in Conjurations
  7053 | D:6      | Reached ** piety under Sif Muna
  7054 | D:6      | Reached skill level 6 in Spellcasting
  7054 | D:6      | Reached XP level 9. HP: 53/53 MP: 7/18
  8095 | D:7      | Found a flagged portal.
  8097 | D:7      | Found Note's Jewellery Shoppe.
  8102 | Bailey   | Entered a bailey
  8141 | Bailey   | Learned a level 2 spell: Blink
  8258 | Bailey   | Reached skill level 1 in Shields
  8451 | Bailey   | Reached skill level 1 in Invocations
  8707 | Bailey   | Reached skill level 7 in Spellcasting
  8707 | Bailey   | Reached skill level 1 in Translocations
  8878 | D:7      | Found Qunas's Distillery.
  8883 | D:7      | Noticed Maggie
  8890 | D:7      | Learned a level 3 spell: Mephitic Cloud
  8913 | D:7      | Found a sparkling altar of Nemelex Xobeh.
  8924 | D:7      | Found Soocoschu's Book Shop.
  8965 | D:7      | Found Keif's Magic Scroll Shop.
  9141 | D:7      | Killed Maggie
  9142 | D:7      | Reached XP level 10. HP: 47/59 MP: 13/21
  9309 | D:7      | Reached *** piety under Sif Muna
  9671 | D:8      | Reached skill level 1 in Poison Magic
  9696 | D:8      | Reached skill level 1 in Air Magic
 10268 | D:8      | Noticed Harold
 10285 | D:8      | Killed Harold
 10504 | D:8      | Got a masterwork dagger
 10505 | D:8      | Identified the +10 dagger of Dyzoz {vorpal, rC+ Str-4
                  | Int+9} (You found it on level 8 of the Dungeon)
 10513 | D:8      | Learned a level 3 spell: Summon Guardian Golem
 10585 | D:8      | Lost strength.
 10948 | D:9      | Found a shadowy altar of Dithmenos.
 11090 | D:9      | Noticed Grum
 11099 | D:9      | Reached **** piety under Sif Muna
 11100 | D:9      | Killed Grum
 11101 | D:9      | Reached skill level 8 in Spellcasting
 11263 | D:9      | Found a staircase to the Lair.
 11267 | D:9      | Reached XP level 11. HP: 63/63 MP: 23/23
 11749 | Lair:1   | Entered Level 1 of the Lair of Beasts
 11989 | Lair:1   | Found a snail-covered altar of Cheibriados.
 12753 | Lair:2   | Noticed a seven-headed hydra
 12772 | Lair:2   | Noticed a catoblepas
 12772 | Lair:2   | Slain by a seven-headed hydra

Illustrated notes

Levels and vault maps discovered:
D:1:      eino_arrival_tree_alley, layout_basic, chequers_serial_rivers_micro_e
D:2:      layout_basic, nemelex_dance_club_becter
D:3:      layout_basic, chequers_ecumenical_altar_island, minmay_pentomino_pile
D:4:      layout_cave_pools, minmay_temple_entry_overgrown, minivault_23,
          lexackson_kobold_supper
D:5:      layout_basic, serial_shops, nicolae_shop_statue_plus, uniq_grinder,
          uniq_crazy_yiuf_cottage
D:6:      layout_rooms
D:7:      layout_loops_ring, nemelex_xobeh_ov_fountains_minmay, serial_shops,
          shop, nicolae_shop_waterfront, shop, nicolae_shop_waterfront,
          enter_bailey_2, minmay_chambers_of_fives, uniq_maggie
D:8:      layout_gridville, uniq_harold
D:9:      layout_irregular_city, grunt_lair_entry_orc_guard_hut, basic_altar,
          uniq_grum
Temple:   regret_index_temple_sigil_plot
Lair:1:   layout_cave_pods, basic_altar, serial_bayou_shore_b
Lair:2:   layout_gridlike, grunt_megastairs_3

Skill      XL: |  1  2  3  4  5  6  7  8  9 10 11 |
---------------+----------------------------------+-----
Stealth        | 3 4 5 6 |  6.5
Short Blades   | 1 2 3 4 |  4.1
Spellcasting   | 3 4 6 7 8 |  8.3
Dodging        | 3 4 |  4.3
Conjurations   | 2 3 5 6 7 |  7.7
Fire Magic     | 4 5 7 |  7.9
Fighting       | 1 |  1.6
Shields        | 1 |  1.9
Invocations    | 1 3 4 |  4.6
Translocations | 1 3 |  3.3
Poison Magic   | 2 3 |  3.2
Air Magic      | 2 3 |  3.3
Evocations     | |  0.1

Action                   |  1- 3 |  4- 6 |  7- 9 | 10-12 || total
-------------------------+-------+-------+-------+-------++-------
Melee: Short sword       |    10 |       |       |       ||    10
       Constrict         |     7 |    16 |    22 |    33 ||    78
       Tentacles         |     4 |    13 |    24 |    62 ||   103
       Dagger            |    17 |    72 |   107 |   222 ||   418
 Cast: Foxfire           |    32 |    60 |   281 |    74 ||   447
       Conjure Flame     |       |     1 |     5 |     2 ||     8
       Sticky Flame      |       |       |     7 |    15 ||    22
       Mephitic Cloud    |       |       |     1 |    13 ||    14
       Blink             |       |       |     1 |       ||     1
       Fireball          |       |       |       |     1 ||     1
Evoke: Wand              |       |       |     1 |       ||     1
  Use: Scroll            |       |     3 |       |     8 ||    11
       Potion            |       |       |     3 |     3 ||     6
 Stab: Sleeping          |     7 |     5 |     6 |    11 ||    29
       Confused          |       |       |     1 |    11 ||    12
       Distracted        |       |       |       |     2 ||     2
Armor: Skin              |     5 |    17 |    30 |    42 ||    94
Dodge: Dodged            |    13 |    55 |    87 |   178 ||   333
Block: Other             |       |       |    16 |    47 ||    63
       Reflection        |       |       |     1 |       ||     1

Table legend: (Time is in decaauts)
 A = Elapsed time spent in this place.
 B = Non-inter-level travel time spent in this place.
 C = Inter-level travel time spent in this place.
 D = Time resting spent in this place.
 E = Time spent auto-exploring this place.
 F = Levels seen in this place.
 G = Mean time per level.
                   A        B        C        D        E       F      G
               +--------+--------+--------+--------+--------+-----+--------+
         Total |  12716 |  12452 |    264 |    918 |   7676 |  13 |  978.2 |
       Dungeon |  10882 |  10678 |    204 |    843 |   6676 |   9 | 1209.1 |
        Temple |    125 |     95 |     30 |      0 |     78 |   1 |  125.0 |
          Lair |   1007 |    978 |     29 |      0 |    759 |   2 |  503.5 |
        Bailey |    700 |    700 |      0 |     75 |    163 |   1 |  700.0 |
               +--------+--------+--------+--------+--------+-----+--------+

Top non-repeatable levels by time:
     D:1: 1437 daAuts
     D:4: 1361 daAuts
     D:3: 1322 daAuts
     D:8: 1256 daAuts
     D:7: 1238 daAuts
     D:2: 1164 daAuts
     D:5: 1151 daAuts
     D:6: 1150 daAuts
  Lair:1: 988 daAuts
     D:9: 800 daAuts
  Bailey: 700 daAuts
  Temple: 125 daAuts
  Lair:2: 18 daAuts
